 Dungeon Crawl Stone Soup version 0.23-a0-644-gb60d84b (webtiles) character file.

143 MisterFreud the Slasher (level 5, -1/36 HPs)
             Began as an Octopode Fighter on Jan 1, 2019.
             Killed by nerve-wracking pain
             ... invoked by an orc priest
              (13 damage)
             ... on level 3 of the Dungeon.
             The game lasted 00:02:57 (1940 turns).

MisterFreud the Slasher (Octopode Fighter)          Turns: 1940, Time: 00:02:57

Health: -1/36      AC:  1    Str: 15    XL:     5   Next: 25%
Magic:  5/5        EV: 11    Int: 12    God:
Gold:   105        SH:  8    Dex: 11    Spells: 4/4 levels left

rFire    . . .     SeeInvis .   a - +0 long sword
rCold    . . .     Gourm    .   b - +0 shield
rNeg     . . .     Faith    .   (helmet restricted)
rPois    .         Spirit   .   e - amulet of regeneration
rElec    .         Reflect  .   (no ring)
rCorr    .         Harm     .   (no ring)
MR       .....                  (no ring)
Stlth    ++........             (no ring)
HPRegen  0.52/turn              (no ring)
MPRegen  0.09/turn              (no ring)
                                (no ring)
                                (no ring)

@: no status effects
A: almost no armour, stealthy swim, amphibious, 8 rings, constrict 8, camouflage
1, gelatinous body 1
a: no special abilities


You were on level 3 of the Dungeon.
You were not hungry.

You visited 1 branch of the dungeon, and saw 3 of its levels.

You collected 105 gold pieces.

Inventory:

Hand Weapons
 a - a +0 long sword (weapon)
Armour
 b - a +0 shield (worn)
Jewellery
 e - an amulet of regeneration (around mantle)
Wands
 k - a wand of random effects (19)
Scrolls
 g - a scroll of remove curse {unknown}
 j - a scroll of teleportation {unknown}
 l - a scroll of identify {unknown}
Potions
 c - a potion of might
 h - 2 potions of agility {unknown}
 i - 2 potions of resistance {unknown}
Comestibles
 d - 7 rations
 f - a chunk of flesh


   Skills:
 - Level 3.0 Fighting
 + Level 5.3 Long Blades
 - Level 3.0 Dodging
 - Level 3.0 Shields


You had 4 spell levels left.
You didn't know any spells.
Your spell library was empty.

Dungeon Overview and Level Annotations

Branches:
Dungeon (3/15)

Altars:


Innate Abilities, Weirdness & Mutations

You cannot wear most types of armour.
You are very stealthy in the water. (Stealth+)
You are amphibious.
You can wear up to eight rings at the same time.
You can use your tentacles to constrict eight enemies at once.
Your skin changes colour to match your surroundings (Stealth+).
Your rubbery body absorbs attacks. (AC +1, EV +1)


Message History

The orc hits you with a +0 war axe!
* * * LOW HITPOINT WARNING * * *
The orc closely misses you.
You hit the orc. Your grab misses the orc. Your squeeze misses the orc.
The orc is moderately wounded.
You hit the orc. You grab the orc.
The orc is almost dead.
You constrict the orc.
You kill the orc!
You slash the orc!
You kill the orc!
You hit the orc priest. Your grab misses the orc priest.
The orc priest is lightly wounded.
The orc priest hits you with a +0 dagger.
You slash the orc priest! Your grab misses the orc priest.
Your squeeze misses the orc priest.
The orc priest is severely wounded.
The orc priest calls down the wrath of Beogh upon you.
Pain shoots through your body!
You die...

.. #.### ...
#.## #.###..#
#...<#.##
#.######.)#
#......o#.≈≈≈≈≈#
#######@#.≈≈≈≈≈#
#.#.≈≈≈≈##
#.#.≈≈≈≈#
....≈≈≈≈#
#.#.≈≈≈≈#
..#.≈≈≈≈≈ #.#
..#


You could see an orc priest.

Vanquished Creatures
  An orc priest (D:3)
  Robin (D:2)
  An adder (D:2)
  An ooze (D:1)
  2 worms (D:2)
  4 dart slugs
  2 leopard geckos (D:1)
  2 orcs (D:3)
  8 bats
  3 giant cockroaches
  7 goblins
  7 hobgoblins
  4 jackals (D:1)
  3 quokkas (D:2)
  A ball python (D:1)
  4 frilled lizards
  8 kobolds
  10 rats
69 creatures vanquished.

Notes
Turn   | Place    | Note
-------+----------+-------------------------------------------
     0 | D:1      | MisterFreud the Octopode Fighter began the quest for the
                  | Orb.
     0 | D:1      | Reached XP level 1. HP: 16/16 MP: 1/1
    83 | D:1      | Reached XP level 2. HP: 9/21 MP: 2/2
   370 | D:1      | Reached skill level 3 in Long Blades
   494 | D:1      | Reached XP level 3. HP: 20/26 MP: 3/3
  1014 | D:2      | Reached skill level 4 in Long Blades
  1205 | D:2      | Reached XP level 4. HP: 15/31 MP: 4/4
  1578 | D:2      | Noticed Robin
  1585 | D:2      | Killed Robin
  1931 | D:3      | Reached skill level 5 in Long Blades
  1931 | D:3      | Reached XP level 5. HP: 18/36 MP: 5/5
  1940 | D:3      | Killed from afar by an orc priest

Vault maps used:
D:1:      minmay_arrival_five_plusses, minmay_3d_cube
D:2:      uniq_robin
D:3:      wander_river, minmay_hedge_maze

Skill      XL: |  1  2  3  4 |
---------------+-------------+-----
Long Blades    | 3 4 5 |  5.3
Fighting       | |  3.0
Dodging        | |  3.0
Shields        | |  3.0

Action                   |  1- 3 |  4- 6 || total
-------------------------+-------+-------++-------
Melee: Long sword        |    71 |    46 ||   117
       Constrict         |    18 |    15 ||    33
       Tentacles         |    10 |     7 ||    17
 Stab: Sleeping          |     7 |     5 ||    12
  Eat: Chunk             |     1 |     2 ||     3
Armor: Skin              |     3 |     2 ||     5
Dodge: Dodged            |    26 |    17 ||    43
Block: Shield            |    29 |     9 ||    38
       Rpst.: Long sword |     6 |     4 ||    10

Table legend:
 A = Non-vault XP
 B = Vault XP
 C = Vault XP percentage of total XP
 D = Non-vault monster count
 E = Vault monster count
 F = Vault count percentage of total count
                 A         B        C        D         E       F
            +---------+---------+-------+---------+---------+-------
      Total |     174 |      31 |  15.1 |      60 |       9 |  13.0
            +---------+---------+-------+---------+---------+-------
        D:1 |      53 |       5 |   8.6 |      29 |       2 |   6.5
        D:2 |      72 |      26 |  26.5 |      28 |       7 |  20.0
        D:3 |      49 |       0 |   0.0 |       3 |       0 |   0.0
            +---------+---------+-------+---------+---------+-------
